 Dungeon Crawl Stone Soup version 0.18.1-48-g4cf74bf (webtiles) character file.

121 Gargoyl the Skirmisher (level 4, -2/37 HPs)
             Began as a Demonspawn Abyssal Knight on Sept 12, 2016.
             Was a Priest of Lugonu.
             Slain by Grinder (4 damage)
             ... on level 3 of the Dungeon.
             The game lasted 00:05:52 (2637 turns).

Gargoyl the Skirmisher (Demonspawn Abyssal Knight)  Turns: 2637, Time: 00:05:53

Health: -2/37      AC: 16    Str: 10 (13) XL:     4   Next: 77%
Magic:  2/6        EV:  2    Int: 16 (18) God:    Lugonu [***...]
Gold:   19         SH:  0    Dex: 11 (12) Spells: 0 memorised, 3 levels left

rFire  . . .     SeeInvis .     a - +1 hand axe
rCold  . . .     Gourm    .     h - +0 plate armour
rNeg   . . .     Faith    .     (no shield)
rPois  .         Spirit   .     g - +0 helmet
rElec  .         Dismiss  .     (no cloak)
rCorr  .         Reflect  .     (no gloves)
SustAt .         Harm     .     e - +3 pair of boots of the Bagpipe {Int+4}
MR     .....                    (no amulet)
Stlth  ..........               (no ring)
                                (no ring)

@: not resistant to hostile enchantments, extremely unstealthy
A: talons 2, blurry vision 1
a: Depart the Abyss, Bend Space, Banish, Renounce Religion


You were on level 3 of the Dungeon.
You worshipped Lugonu.
Lugonu was most pleased with you.
You were not hungry.

You visited 1 branch of the dungeon, and saw 3 of its levels.
You visited the Abyss 1 time.

You collected 43 gold pieces.

Inventory:

Hand Weapons
 a - a +1 hand axe (weapon)
 l - a +0 spear
Armour
 e - the +3 pair of boots of the Bagpipe (worn) {Int+4}
   (You acquired it on level 1 of the Dungeon)

   It affects your intelligence (+4).
 g - a +0 helmet (worn)
 h - a +0 plate armour (worn)
Wands
 j - a wand of acid (0/15)
Scrolls
 f - a scroll of recharging
 i - 2 scrolls of identify
Potions
 b - a potion of flight
Comestibles
 c - 2 bread rations
 k - a beef jerky
 m - 2 chunks of flesh


   Skills:
 + Level 3.7 Fighting
 + Level 2.4 Axes
 * Level 3.3 Armour
 + Level 1.1 Dodging
 + Level 0.2 Stealth
 + Level 2.9 Invocations


You had 3 spell levels left.
You didn't know any spells.

Dungeon Overview and Level Annotations

Branches:
Dungeon (3/15)

Altars:
Ashenzari
Okawaru
Sif Muna
Trog
The Shining One

Annotations:
D:3 Grinder


Innate Abilities, Weirdness & Mutations

You have razor-sharp toenails.
Scrolls take you a little longer to read.


Message History

* * * LOW HITPOINT WARNING * * *
Grinder hits you.
* * * LOW HITPOINT WARNING * * *
You writhe in agony.
* * * LOW HITPOINT WARNING * * *
You can move again.
Okay, then.
Press: ? - help, Shift-Dir - straight line, f/p - Grinder
Aim: Grinder (heavily wounded, covered in acid, chance to defeat MR: 81%)
You fail to use your ability.
Grinder drinks a potion.
Grinder is healed!
Press: ? - help, Shift-Dir - straight line, f/p - Grinder
Aim: Grinder (moderately wounded, covered in acid, chance to defeat MR: 81%)
You fail to use your ability.
Grinder hits you but does no damage.
Press: ? - help, Shift-Dir - straight line, f/p - Grinder
Aim: Grinder (moderately wounded, covered in acid, chance to defeat MR: 81%)
You fail to use your ability.
Grinder hits you but does no damage.
Press: ? - help, Shift-Dir - straight line, f/p - Grinder
Aim: Grinder (moderately wounded, covered in acid, chance to defeat MR: 81%) Grinder barely resists.
You feel somewhat more hungry. Grinder hits you.
You die...

#......###. .. #..........
... #....#...). ....
#.#.##.._.. ....#
#######+#+#..#.).).
.....###..................
.......#..........#...###.
.......#..........#....#..
.........@5.....>##.......
..#.....###########.......
#####.# #.###### #.# #.#
#.# #.# #.# #.##### #.#
#.....# #.# #####.# #.#


You could see Grinder.

Vanquished Creatures
  4 adders
  A giant gecko (D:1)
  A ball python (D:1)
  11 bats
  6 giant cockroaches
  11 goblins
  9 hobgoblins
  16 jackals
  2 giant newts (D:2)
  5 kobolds
  10 rats
76 creatures vanquished.

Vanquished Creatures (others)
  2 starspawn tentacles (Abyss:2)
2 creatures vanquished.

Grand Total: 78 creatures vanquished

Notes
Turn   | Place    | Note
--------------------------------------------------------------
     0 | Abyss:1  | Gargoyl the Demonspawn Abyssal Knight began the quest for the Orb.
     0 | Abyss:1  | Reached XP level 1. HP: 18/18 MP: 2/2
    78 | Abyss:2  | Noticed a tentacled starspawn
    86 | D:1      | Escaped the Abyss
   164 | D:1      | Identified a scroll of acquirement
   165 | D:1      | Got a pair of steaming boots
   171 | D:1      | Identified the +3 pair of boots of the Bagpipe {Int+4} (You acquired it on level 1 of the Dungeon)
   246 | D:1      | Gained mutation: You have sharp toenails. [demonic ancestry]
   246 | D:1      | Reached XP level 2. HP: 12/24 MP: 3/3
   435 | D:1      | Reached * piety under Lugonu
   721 | D:1      | Reached skill level 1 in Dodging
   827 | D:1      | Reached XP level 3. HP: 29/29 MP: 5/5
  1255 | D:2      | Reached ** piety under Lugonu
  1258 | D:2      | Gained mutation: Scrolls take you a little longer to read. [helix card]
  1292 | D:2      | HP: 2/43 [poisoned by an adder]
  1300 | D:2      | HP: 1/43 [poisoned by an adder]
  1621 | D:2      | Gained mutation: You have razor-sharp toenails. [demonic ancestry]
  1621 | D:2      | Reached XP level 4. HP: 36/36 MP: 6/6
  1952 | D:2      | Found a glowing golden altar of the Shining One.
  1952 | D:2      | Found a deep blue altar of Sif Muna.
  2215 | D:2      | Found a bloodstained altar of Trog.
  2276 | D:2      | Reached *** piety under Lugonu
  2291 | D:2      | Found a shattered altar of Ashenzari.
  2437 | D:3      | Found an iron altar of Okawaru.
  2617 | D:3      | Noticed Grinder
  2631 | D:3      | Paralysed by Grinder for 3 turns
  2633 | D:3      | HP: 1/37 [Grinder (3)]
  2637 | D:3      | Slain by Grinder

Skill      XL: |  1  2  3  4 |
---------------+-------------+-----
Armour         | 2 3 |  3.3
Axes           | 2 |  2.4
Dodging        | 1 |  1.1
Fighting       | |  3.7
Stealth        | |  0.2
Invocations    | |  2.9

Action                   |  1- 3 |  4- 6 || total
-------------------------+-------+-------++-------
Melee: Hand axe          |   140 |   120 ||   260
Invok: Depart the Abyss  |     1 |       ||     1
       Banish            |       |     1 ||     1
Evoke: Deck              |     4 |       ||     4
       Wand              |       |     1 ||     1
  Use: Scroll            |     1 |     1 ||     2
       Potion            |     3 |     1 ||     4
  Eat: Chunk             |     3 |     3 ||     6
Armor: Leather armour    |    28 |       ||    28
       Plate armour      |   125 |   157 ||   282
       Skin              |     3 |       ||     3
Dodge: Dodged            |    42 |    28 ||    70
